Thunder vs Royaux
Created - March 21, 2021 at 21:48
Goals
|
| Thunder |
1 |
1 |
3 |
5 |
| Royaux |
1 |
0 |
1 |
2 |
|
Shots
|
| Thunder |
7 |
3 |
14 |
24 |
| Royaux |
12 |
8 |
7 |
27 |
|
1st period
1. Thunder , Brayden Point 22 (Austin Poganski 10) at 4:01
2. Royaux , Adam Gaudette 26 (Tye McGinn 54) at 19:07
Penalties :
No Penalty
2nd period
3. Thunder , Mike Hoffman 14 (Brayden Point 32) at 2:16
Penalties :
Austin Poganski (TRO) for Roughing (Minor) at 4:33, Brandon Pirri (Cap) for Hooking (Minor) at 11:41
3rd period
4. Thunder , Dany Roussin 29 (William Karlsson 62, Mikko Vainonen 21) at 9:38 (PP)
5. Thunder , Colton Sceviour 15 (Jesper Pettersson 9, William Karlsson 63) at 12:30 (PP)
6. Thunder , Dany Roussin 30 (William Karlsson 64, Colton Sceviour 12) at 12:46
7. Royaux , Pavel Buchnevich 2 (Tye McGinn 55) at 17:45 (PP)
Penalties :
Mikko Vainonen (TRO) for Tripping (Minor) at 0:13, Austin Poganski (TRO) for Tripping (Minor) at 7:20, Danny Kristo (Cap) for Holding (Minor) at 9:18, Pavel Buchnevich (Cap) for Tripping (Minor) at 10:47, Dany Roussin (TRO) for Cross-checking (Minor) at 17:35, Gianluca Curcuruto (TRO) for Holding Stick (Minor) at 18:09
Goalie Stats
Niklas Treutle (TRO), 25 saves from 27 shots - (0.926), W, 17-24-7, 60:00 minutes
Igor Shesterkin (Cap), 19 saves from 24 shots - (0.792), L, 11-13-4, 60:00 minutes
Players Stats for Thunder
Player Name G A P +/- PIM S H SB GA TA FO MP PP MP PK MP
------------------------------------------------------------------------------------
Angelo Esposito 0 0 0 0 0 0 0 0 0 1 2/3 14:52 0:00 0:00
Artturi Lehkonen 0 0 0 0 0 0 0 0 0 1 0/0 5:34 0:00 0:00
Artur Gavrus 0 0 0 0 0 0 0 0 0 0 0/0 0:00 0:00 0:00
Austin Poganski 0 1 1 1 4 1 1 1 0 1 0/0 17:51 2:25 0:00
Brayden Point 1 1 2 1 0 5 3 0 1 0 1/4 18:51 2:06 1:37
Colby Cave 0 0 0 0 0 0 0 0 0 0 0/0 0:00 0:00 0:00
Colton Sceviour 1 1 2 1 0 1 2 0 0 0 0/3 15:55 1:22 0:00
Dany Roussin 2 0 2 1 2 3 2 1 0 0 0/1 21:00 1:41 4:12
Emil Johansson 0 0 0 1 0 2 1 0 0 0 0/0 21:40 2:00 3:41
Gianluca Curcuruto 0 0 0 1 2 1 2 2 0 0 0/0 23:58 2:01 3:20
Jakob Lilja 0 0 0 0 0 0 0 0 0 0 0/1 2:40 0:00 2:07
Jamie McGinn 0 0 0 0 0 0 2 0 1 0 1/1 12:16 0:00 0:00
Jarrod Maidens 0 0 0 0 0 0 0 0 0 0 0/0 0:00 0:00 0:00
Jesper Pettersson 0 1 1 1 0 2 1 1 0 0 0/0 21:32 2:00 3:41
Mackenze Stewart 0 0 0 0 0 0 0 1 0 1 0/0 15:04 0:00 1:32
Mike Hoffman 1 0 1 1 0 4 2 0 2 0 0/1 20:33 2:06 3:19
Mikko Vainonen 0 1 1 1 2 0 2 2 0 2 0/0 23:22 2:01 3:03
Nikolay Prokhorkin 0 0 0 0 0 0 0 0 0 0 0/0 2:00 0:14 0:00
Ryan Graves 0 0 0 0 0 1 1 0 0 1 0/0 14:01 0:14 0:35
Trevor Lewis 0 0 0 0 0 3 0 0 0 0 2/3 12:16 0:00 0:00
Vincent Dunn 0 0 0 0 0 0 0 0 0 0 0/0 0:13 0:00 0:00
William Karlsson 0 3 3 1 0 0 1 2 0 0 13/31 22:33 1:41 4:22
Zach Stepan 0 0 0 0 0 1 0 0 0 0 0/0 5:47 0:14 0:15
Players Stats for Royaux
Player Name G A P +/- PIM S H SB GA TA FO MP PP MP PK MP
------------------------------------------------------------------------------------
Adam Gaudette 1 0 1 0 0 2 1 0 0 0 2/3 16:30 3:32 0:38
Ben Hanowski 0 0 0 0 0 2 3 1 2 1 0/0 15:38 2:47 0:40
Brandon Pirri 0 0 0 -2 2 0 2 1 0 0 1/2 20:14 3:32 0:35
Brendan Woods 0 0 0 0 0 2 2 0 0 0 0/0 11:35 0:00 2:24
Danny Kristo 0 0 0 0 2 1 1 0 0 0 2/3 12:41 0:06 1:52
Dylan Larkin 0 0 0 -2 0 2 4 0 1 0 18/28 20:17 4:17 0:02
Jordie Benn 0 0 0 -1 0 1 0 1 0 0 0/0 23:58 5:09 2:09
Marcus Pettersson 0 0 0 -1 0 1 0 0 1 1 0/0 21:49 5:09 0:00
Mathew Barzal 0 0 0 0 0 1 2 0 0 0 3/6 14:31 3:32 0:14
Mathieu Joseph 0 0 0 0 0 1 2 1 0 0 0/0 9:00 0:00 0:00
Pavel Buchnevich 1 0 1 -2 2 1 2 0 0 0 2/2 20:13 4:17 0:00
Phil Oreskovic 0 0 0 -1 0 1 1 2 0 0 0/0 15:50 0:00 1:33
Rourke Chartier 0 0 0 0 0 4 1 0 0 0 1/4 9:00 0:00 0:00
Ryan Pulock 0 0 0 -1 0 1 4 1 0 0 0/0 15:57 0:00 1:33
Simon Despres 0 0 0 0 0 0 3 3 0 1 0/0 19:27 0:00 2:28
Sonny Milano 0 0 0 0 0 4 0 1 1 0 0/0 10:59 0:10 0:06
Travis Sanheim 0 0 0 0 0 1 2 1 1 0 0/0 20:12 2:47 0:19
Tye McGinn 0 2 2 0 0 2 2 0 1 1 0/0 18:04 4:21 1:31
3 Stars
1 - Dany Roussin (TRO)
2 - Brayden Point (TRO)
3 - Colton Sceviour (TRO)
Power Play
Thunder - 2 on 3 Attempt(s) - 66.67%
Royaux - 1 on 5 Attempt(s) - 20.00%
Penalty Kill
Thunder - 4 on 5 Attempt(s) - 80.00%
- Score 0 goal in Penalty Kill
Royaux - 1 on 3 Attempt(s) - 33.33%
- Score 0 goal in Penalty Kill
Team Stat
Thunder - Hits : 20 - Faceoff Wins : 19 - Blocked Shots : 10 - Penalty Minutes : 10
Royaux - Hits : 32 - Faceoff Wins : 29 - Blocked Shots : 12 - Penalty Minutes : 6
Official
Referees : Unknown
Linesman : Unknown
Game Notes
No Game Note
Finance
Level 1 -- Attendance: 1392 (69.60%) -- Ticket Income $48,720
Level 2 -- Attendance: 712 (71.20%) -- Ticket Income $14,240
Total Attendance: 2104 (70.13%)
Total Ticket Income: $62,960
Other Income: $3,148
Total Income: $66,108
Thunder
5 vs 5 Forward
Center Left Wing Right Wing Time % Phy DF OF
1 William Karlsson Dany Roussin Colton Sceviour 40 1 2 2
2 Brayden Point Mike Hoffman Austin Poganski 30 1 2 2
3 Trevor Lewis Jamie McGinn Angelo Esposito 20 1 2 2
4 Angelo Esposito Artturi Lehkonen William Karlsson 10 1 2 2
5 vs 5 Defense
Defense Defense Time % Phy DF OF
1 Mikko Vainonen Gianluca Curcuruto 40 1 2 2
2 Emil Johansson Jesper Pettersson 30 1 2 2
3 Ryan Graves Mackenze Stewart 20 1 2 2
4 Mikko Vainonen Gianluca Curcuruto 10 1 2 2
PowerPlay Forward
Center Left Wing Right Wing Time % Phy DF OF
1 William Karlsson Dany Roussin Colton Sceviour 60 1 2 2
2 Brayden Point Mike Hoffman Austin Poganski 40 1 2 2
PowerPlay Defense
Defense Defense Time % Phy DF OF
1 Mikko Vainonen Gianluca Curcuruto 60 1 2 2
2 Emil Johansson Jesper Pettersson 40 1 2 2
Penalty Kill 4 Players Forward
Center Wing Time % Phy DF OF
1 William Karlsson Dany Roussin 60 1 2 2
2 Brayden Point Mike Hoffman 40 1 2 2
Penalty Kill 4 Players Defense
Defense Defense Time % Phy DF OF
1 Mikko Vainonen Gianluca Curcuruto 60 1 2 2
2 Emil Johansson Jesper Pettersson 40 1 2 2
Penalty Kill - 3 Players Forward
Forward Time % Phy DF OF
1 William Karlsson 60 1 2 2
2 Dany Roussin 40 1 2 2
Penalty Kill - 3 Players Defense
Defense Defense Time % Phy DF OF
1 Mikko Vainonen Gianluca Curcuruto 60 1 2 2
2 Emil Johansson Jesper Pettersson 40 1 2 2
4 vs 4 Forward
Center Wing Time % Phy DF OF
1 William Karlsson Dany Roussin 60 1 2 2
2 Brayden Point Mike Hoffman 40 1 2 2
4 vs 4 Defense
Defense Defense Time % Phy DF OF
1 Mikko Vainonen Gianluca Curcuruto 60 1 2 2
2 Emil Johansson Jesper Pettersson 40 1 2 2
Last Minutes Offensive
Center Left Wing Right Wing Defense Defense
William Karlsson Dany Roussin Colton Sceviour Mikko Vainonen Gianluca Curcuruto
Last Minutes Defensive
Center Left Wing Right Wing Defense Defense
William Karlsson Dany Roussin Colton Sceviour Mikko Vainonen Gianluca Curcuruto
Goaltenders
Starting : Niklas Treutle
Backup : Sergei Kostenko
Extra Forwards
Normal : Zach Stepan, Nikolay Prokhorkin, Jakob Lilja - PP : Zach Stepan, Nikolay Prokhorkin - PK : Jakob Lilja
Extra Defensemen
Normal : Ryan Graves, Mackenze Stewart, Emil Johansson - PP : Ryan Graves - PK : Mackenze Stewart, Emil Johansson
Penalty Shots
William Karlsson, Dany Roussin, Brayden Point, Mike Hoffman, Trevor Lewis
Scratches
Hugo Fagerblom (Healthy)
Royaux
5 vs 5 Forward
Center Left Wing Right Wing Time % Phy DF OF
1 Dylan Larkin Brandon Pirri Pavel Buchnevich 40 0 2 3
2 Adam Gaudette Tye McGinn Ben Hanowski 30 0 2 3
3 Mathew Barzal Sonny Milano Danny Kristo 20 0 2 3
4 Rourke Chartier Brendan Woods Mathieu Joseph 10 0 3 2
5 vs 5 Defense
Defense Defense Time % Phy DF OF
1 Travis Sanheim Simon Despres 35 0 3 2
2 Marcus Pettersson Jordie Benn 35 0 3 2
3 Ryan Pulock Phil Oreskovic 15 0 3 2
4 Ryan Pulock Phil Oreskovic 15 0 3 2
PowerPlay Forward
Center Left Wing Right Wing Time % Phy DF OF
1 Dylan Larkin Tye McGinn Pavel Buchnevich 60 0 1 4
2 Adam Gaudette Brandon Pirri Mathew Barzal 40 0 1 4
PowerPlay Defense
Defense Defense Time % Phy DF OF
1 Jordie Benn Marcus Pettersson 60 0 2 3
2 Ben Hanowski Travis Sanheim 40 0 2 3
Penalty Kill 4 Players Forward
Center Wing Time % Phy DF OF
1 Danny Kristo Brendan Woods 60 0 4 1
2 Ben Hanowski Tye McGinn 40 0 4 1
Penalty Kill 4 Players Defense
Defense Defense Time % Phy DF OF
1 Jordie Benn Simon Despres 60 1 2 2
2 Phil Oreskovic Ryan Pulock 40 1 2 2
Penalty Kill - 3 Players Forward
Forward Time % Phy DF OF
1 Brendan Woods 60 0 4 1
2 Danny Kristo 40 0 4 1
Penalty Kill - 3 Players Defense
Defense Defense Time % Phy DF OF
1 Jordie Benn Simon Despres 60 1 2 2
2 Phil Oreskovic Ryan Pulock 40 1 2 2
4 vs 4 Forward
Center Wing Time % Phy DF OF
1 Dylan Larkin Tye McGinn 60 0 2 3
2 Adam Gaudette Pavel Buchnevich 40 0 2 3
4 vs 4 Defense
Defense Defense Time % Phy DF OF
1 Travis Sanheim Simon Despres 60 0 3 2
2 Jordie Benn Marcus Pettersson 40 0 3 2
Last Minutes Offensive
Center Left Wing Right Wing Defense Defense
Dylan Larkin Tye McGinn Pavel Buchnevich Marcus Pettersson Travis Sanheim
Last Minutes Defensive
Center Left Wing Right Wing Defense Defense
Tye McGinn Brendan Woods Danny Kristo Phil Oreskovic Simon Despres
Goaltenders
Starting : Igor Shesterkin
Backup : Olivier Roy
Extra Forwards
Normal : Dylan Larkin, Pavel Buchnevich, Mathew Barzal - PP : Sonny Milano, Danny Kristo - PK : Brandon Pirri
Extra Defensemen
Normal : Travis Sanheim, Marcus Pettersson, Phil Oreskovic - PP : Simon Despres - PK : Marcus Pettersson, Travis Sanheim
Penalty Shots
Dylan Larkin, Brandon Pirri, Danny Kristo, Sonny Milano, Ben Hanowski
Scratches
Vladislav Namestnikov (Healthy), Garrett Wilson (Healthy), Troy Terry (Healthy), Tanner Kero (Healthy), Greg McKegg (Healthy)
Nikita Pavlychev (Healthy), Konrad Abeltshauser (Healthy), Dylan DeMelo (Healthy), Tomas Hyka (Healthy), Ian McCoshen (Healthy)
Michael Bunting (Healthy), Ryan Mantha (Healthy), Jack Ramsey (Healthy), Marcus Hogberg (Healthy)
% Time on Ice - Thunder
Lines # - Real PCT - Wanted PCT - Time Play
Normal Forward
1 - 31% - 40% - 15:04
2 - 32% - 30% - 15:08
3 - 26% - 20% - 12:16
4 - 12% - 10% - 5:34
Normal Defense
1 - 37% - 40% - 17:43
2 - 34% - 30% - 16:13
3 - 26% - 20% - 12:37
4 - 3% - 10% - 1:29
PP Forward
1 - 48% - 60% - 1:55
2 - 52% - 40% - 2:06
PP Defense
1 - 50% - 60% - 2:01
2 - 50% - 40% - 2:00
PK Forward
1 - 80% - 60% - 6:19
2 - 20% - 40% - 1:37
PK Defense
1 - 54% - 60% - 4:15
2 - 46% - 40% - 3:41
PK3 Forward
1 - 0% - 60%
2 - 0% - 40%
PK3 Defense
1 - 0% - 60%
2 - 0% - 40%
44 Forward
1 - 100% - 60% - 0:01
2 - 0% - 40% - 0:00
44 Defense
1 - 100% - 60% - 0:01
2 - 0% - 40% - 0:00
Last Minute Offensive - 0:00
Last Minute Defensive - 0:00
Total
Forward - 60:00
Defense - 60:00
|
% Time on Ice - Royaux
Lines # - Real PCT - Wanted PCT - Time Play
Normal Forward
1 - 34% - 40% - 16:08
2 - 25% - 30% - 12:11
3 - 22% - 20% - 10:43
4 - 19% - 10% - 9:00
Normal Defense
1 - 37% - 35% - 17:42
2 - 34% - 35% - 16:31
3 - 15% - 15% - 7:08
4 - 14% - 15% - 6:41
PP Forward
1 - 55% - 60% - 4:24
2 - 45% - 40% - 3:32
PP Defense
1 - 65% - 60% - 5:09
2 - 35% - 40% - 2:47
PK Forward
1 - 83% - 60% - 3:21
2 - 17% - 40% - 0:40
PK Defense
1 - 61% - 60% - 2:28
2 - 39% - 40% - 1:33
PK3 Forward
1 - 0% - 60%
2 - 0% - 40%
PK3 Defense
1 - 0% - 60%
2 - 0% - 40%
44 Forward
1 - 100% - 60% - 0:01
2 - 0% - 40% - 0:00
44 Defense
1 - 100% - 60% - 0:01
2 - 0% - 40% - 0:00
Last Minute Offensive - 0:00
Last Minute Defensive - 0:00
Total
Forward - 60:00
Defense - 60:00
|
Play-by-Play
1st period
0:01 of 1st period - Dylan Larkin wins face-off versus Colton Sceviour in neutral zone.
0:25 of 1st period - Gianluca Curcuruto is hit by Ben Hanowski and loses puck.
0:30 of 1st period - Wrist shot by Ben Hanowski.
0:30 of 1st period - Shot Misses the Net.
0:58 of 1st period - Slapshot by Sonny Milano.
0:58 of 1st period - Stopped by Niklas Treutle without a rebound.
0:59 of 1st period - Angelo Esposito wins face-off versus Rourke Chartier in Thunder zone.
1:26 of 1st period - Jesper Pettersson is hit by Phil Oreskovic and loses puck.
1:33 of 1st period - Wrist shot by Pavel Buchnevich.
1:33 of 1st period - Shot Misses the Net.
2:08 of 1st period - Slapshot by Dany Roussin.
2:08 of 1st period - Stopped by Igor Shesterkin without a rebound.
2:09 of 1st period - Trevor Lewis wins face-off versus Mathew Barzal in Royaux zone.
2:12 of 1st period - Slapshot by Trevor Lewis.
2:12 of 1st period - Shot Blocked by Sonny Milano.
2:14 of 1st period - Snap shot by Gianluca Curcuruto.
2:14 of 1st period - Stopped by Igor Shesterkin with a rebound.
2:16 of 1st period - Slapshot by Mikko Vainonen.
2:16 of 1st period - Shot Blocked by Simon Despres.
3:08 of 1st period - Wrist shot by Brayden Point.
3:08 of 1st period - Shot Misses the Net.
3:10 of 1st period - Snap shot by Mike Hoffman.
3:10 of 1st period - Shot Blocked by Phil Oreskovic.
3:45 of 1st period - Wrist shot by Sonny Milano.
3:45 of 1st period - Stopped by Niklas Treutle with a rebound.
3:47 of 1st period - Snap shot by Marcus Pettersson.
3:47 of 1st period - Shot Misses the Net.
3:49 of 1st period - Snap shot by Marcus Pettersson.
3:49 of 1st period - Stopped by Niklas Treutle without a rebound.
3:50 of 1st period - Brayden Point wins face-off versus Dylan Larkin in Thunder zone.
4:01 of 1st period - Slapshot by Brayden Point.
4:01 of 1st period - Goal by Brayden Point - Thunder : 1 - Royaux : 0.
4:02 of 1st period - William Karlsson wins face-off versus Dylan Larkin in neutral zone.
4:27 of 1st period - Mikko Vainonen is hit by Travis Sanheim and loses puck.
4:34 of 1st period - Slapshot by Adam Gaudette.
4:34 of 1st period - Stopped by Niklas Treutle without a rebound.
4:35 of 1st period - William Karlsson wins face-off versus Adam Gaudette in Thunder zone.
5:24 of 1st period - Snap shot by Brayden Point.
5:24 of 1st period - Stopped by Igor Shesterkin with a rebound.
5:26 of 1st period - Snap shot by Mike Hoffman.
5:26 of 1st period - Shot Blocked by Jordie Benn.
5:28 of 1st period - Snap shot by Mike Hoffman.
5:28 of 1st period - Stopped by Igor Shesterkin with a rebound.
5:44 of 1st period - Slapshot by Rourke Chartier.
5:44 of 1st period - Stopped by Niklas Treutle without a rebound.
5:45 of 1st period - William Karlsson wins face-off versus Rourke Chartier in Thunder zone.
5:58 of 1st period - Snap shot by Dany Roussin.
5:58 of 1st period - Shot Blocked by Travis Sanheim.
6:59 of 1st period - Jesper Pettersson is hit by Simon Despres and loses puck.
7:41 of 1st period - Phil Oreskovic is hit by Gianluca Curcuruto and loses puck.
7:48 of 1st period - Slapshot by Ryan Pulock.
7:48 of 1st period - Stopped by Niklas Treutle without a rebound.
7:49 of 1st period - Dylan Larkin wins face-off versus William Karlsson in Thunder zone.
8:18 of 1st period - Wrist shot by Brayden Point.
8:18 of 1st period - Shot Misses the Net.
8:20 of 1st period - Wrist shot by Mike Hoffman.
8:20 of 1st period - Shot Misses the Net.
8:22 of 1st period - Wrist shot by Brayden Point.
8:22 of 1st period - Stopped by Igor Shesterkin with a rebound.
8:38 of 1st period - Wrist shot by Danny Kristo.
8:38 of 1st period - Stopped by Niklas Treutle with a rebound.
9:35 of 1st period - Icing by Angelo Esposito.
9:36 of 1st period - Rourke Chartier wins face-off versus William Karlsson in Thunder zone.
11:58 of 1st period - Wrist shot by Sonny Milano.
11:58 of 1st period - Stopped by Niklas Treutle with a rebound.
12:14 of 1st period - Snap shot by Zach Stepan.
12:14 of 1st period - Stopped by Igor Shesterkin with a rebound.
12:18 of 1st period - Wrist shot by Dany Roussin.
12:18 of 1st period - Shot Misses the Net.
13:08 of 1st period - Brayden Point is hit by Mathew Barzal and loses puck.
14:20 of 1st period - Mike Hoffman is hit by Ryan Pulock and loses puck.
14:39 of 1st period - Angelo Esposito is hit by Mathieu Joseph and loses puck.
15:21 of 1st period - Tye McGinn is hit by Emil Johansson and loses puck.
15:58 of 1st period - Emil Johansson is hit by Pavel Buchnevich.
16:29 of 1st period - Marcus Pettersson is hit by Brayden Point and loses puck.
17:15 of 1st period - Mathew Barzal is hit by Austin Poganski and loses puck.
17:26 of 1st period - Gianluca Curcuruto is hit by Dylan Larkin and loses puck.
17:43 of 1st period - Jamie McGinn is hit by Brendan Woods and loses puck.
17:50 of 1st period - Snap shot by Brendan Woods.
17:50 of 1st period - Stopped by Niklas Treutle with a rebound.
18:06 of 1st period - Trevor Lewis is hit by Tye McGinn and loses puck.
18:15 of 1st period - Slapshot by Ben Hanowski.
18:15 of 1st period - Stopped by Niklas Treutle with a rebound.
18:17 of 1st period - Slapshot by Ben Hanowski.
18:17 of 1st period - Shot Misses the Net.
18:29 of 1st period - Snap shot by Sonny Milano.
18:29 of 1st period - Stopped by Niklas Treutle without a rebound.
18:30 of 1st period - Mathew Barzal wins face-off versus Brayden Point in Thunder zone.
18:35 of 1st period - Wrist shot by Danny Kristo.
18:35 of 1st period - Deflect By Austin Poganski.
18:35 of 1st period - Shot Misses the Net.
18:35 of 1st period - Puck is out of play.
18:36 of 1st period - Dylan Larkin wins face-off versus Dany Roussin in Thunder zone.
19:07 of 1st period - Snap shot by Adam Gaudette.
19:07 of 1st period - Goal by Adam Gaudette - Thunder : 1 - Royaux : 1.
19:08 of 1st period - Dylan Larkin wins face-off versus William Karlsson in neutral zone.
19:11 of 1st period - Mikko Vainonen is hit by Pavel Buchnevich and loses puck.
19:53 of 1st period - Jamie McGinn is hit by Simon Despres and loses puck.
Goals for this period are 1 for Thunder vs 1 for Royaux.
Shots for this period are 7 for Thunder vs 12 for Royaux.
2nd period
0:01 of 2nd period - Dylan Larkin wins face-off versus Colton Sceviour in neutral zone.
0:29 of 2nd period - Off-side.
0:30 of 2nd period - Adam Gaudette wins face-off versus Mike Hoffman in neutral zone.
0:40 of 2nd period - Snap shot by Brayden Point.
0:40 of 2nd period - Shot Misses the Net.
1:19 of 2nd period - Jesper Pettersson is hit by Ben Hanowski and loses puck.
1:24 of 2nd period - Snap shot by Tye McGinn.
1:24 of 2nd period - Shot Misses the Net.
1:30 of 2nd period - Wrist shot by Tye McGinn.
1:30 of 2nd period - Shot Misses the Net.
1:32 of 2nd period - Slapshot by Ben Hanowski.
1:32 of 2nd period - Shot Blocked by Austin Poganski.
1:44 of 2nd period - Slapshot by Tye McGinn.
1:44 of 2nd period - Shot Misses the Net.
1:46 of 2nd period - Wrist shot by Ben Hanowski.
1:46 of 2nd period - Stopped by Niklas Treutle with a rebound.
1:58 of 2nd period - Wrist shot by Tye McGinn.
1:58 of 2nd period - Stopped by Niklas Treutle with a rebound.
2:16 of 2nd period - Snap shot by Mike Hoffman.
2:16 of 2nd period - Goal by Mike Hoffman - Thunder : 2 - Royaux : 1.
2:17 of 2nd period - Dylan Larkin wins face-off versus William Karlsson in neutral zone.
2:19 of 2nd period - Off-side.
2:20 of 2nd period - Dylan Larkin wins face-off versus William Karlsson in neutral zone.
3:23 of 2nd period - Artturi Lehkonen is hit by Simon Despres and loses puck.
3:54 of 2nd period - Wrist shot by Danny Kristo.
3:54 of 2nd period - Deflect By Mathew Barzal.
3:54 of 2nd period - Stopped by Niklas Treutle without a rebound.
3:55 of 2nd period - Angelo Esposito wins face-off versus Mathew Barzal in Thunder zone.
4:25 of 2nd period - Snap shot by Dylan Larkin.
4:25 of 2nd period - Shot Misses the Net.
4:27 of 2nd period - Snap shot by Dylan Larkin.
4:27 of 2nd period - Shot Misses the Net.
4:33 of 2nd period - Minor Penalty to Austin Poganski for Roughing.
4:34 of 2nd period - William Karlsson wins face-off versus Dylan Larkin in Thunder zone.
4:34 of 2nd period - William Karlsson is hit by Dylan Larkin.
5:00 of 2nd period - Icing by Adam Gaudette.
5:01 of 2nd period - Adam Gaudette wins face-off versus William Karlsson in Royaux zone.
6:07 of 2nd period - Icing by Jordie Benn.
6:08 of 2nd period - Dylan Larkin wins face-off versus Jakob Lilja in Royaux zone.
6:33 of 2nd period - Penalty to Austin Poganski is over, Austin Poganski is back on ice.
7:58 of 2nd period - Wrist shot by Brendan Woods.
7:58 of 2nd period - Shot Blocked by Jesper Pettersson.
8:00 of 2nd period - Wrist shot by Phil Oreskovic.
8:00 of 2nd period - Deflect By Mathieu Joseph.
8:00 of 2nd period - Stopped by Niklas Treutle with a rebound.
8:02 of 2nd period - Wrist shot by Phil Oreskovic.
8:02 of 2nd period - Stopped by Niklas Treutle with a rebound.
8:28 of 2nd period - Brandon Pirri is hit by Dany Roussin and loses puck.
9:30 of 2nd period - Slapshot by Travis Sanheim.
9:30 of 2nd period - Stopped by Niklas Treutle without a rebound.
9:31 of 2nd period - Mathew Barzal wins face-off versus Brayden Point in Thunder zone.
9:51 of 2nd period - Ryan Pulock is hit by Gianluca Curcuruto and loses puck.
10:02 of 2nd period - Wrist shot by Sonny Milano.
10:02 of 2nd period - Deflect By Danny Kristo.
10:02 of 2nd period - Shot Blocked by Gianluca Curcuruto.
10:02 of 2nd period - Puck is out of play.
10:03 of 2nd period - William Karlsson wins face-off versus Dylan Larkin in Thunder zone.
10:10 of 2nd period - Emil Johansson is hit by Brandon Pirri and loses puck.
11:03 of 2nd period - Trevor Lewis is hit by Travis Sanheim and loses puck.
11:33 of 2nd period - Snap shot by Mike Hoffman.
11:33 of 2nd period - Stopped by Igor Shesterkin with a rebound.
11:35 of 2nd period - Slapshot by Gianluca Curcuruto.
11:35 of 2nd period - Shot Misses the Net.
11:41 of 2nd period - Minor Penalty to Brandon Pirri for Hooking.
11:42 of 2nd period - Danny Kristo wins face-off versus William Karlsson in Royaux zone.
11:53 of 2nd period - Jordie Benn is hit by Colton Sceviour and loses puck.
13:36 of 2nd period - Phil Oreskovic is hit by Jesper Pettersson and loses puck.
13:41 of 2nd period - Penalty to Brandon Pirri is over, Brandon Pirri is back on ice.
13:41 of 2nd period - Snap shot by Nikolay Prokhorkin.
13:41 of 2nd period - Shot Blocked by Phil Oreskovic.
13:43 of 2nd period - Slapshot by Ryan Graves.
13:43 of 2nd period - Stopped by Igor Shesterkin with a rebound.
13:45 of 2nd period - Snap shot by Mackenze Stewart.
13:45 of 2nd period - Shot Blocked by Ryan Pulock.
13:47 of 2nd period - Slapshot by Mackenze Stewart.
13:47 of 2nd period - Shot Blocked by Brandon Pirri.
14:45 of 2nd period - Danny Kristo is hit by Jamie McGinn and loses puck.
15:41 of 2nd period - Ryan Graves is hit by Ryan Pulock and loses puck.
16:56 of 2nd period - Mike Hoffman is hit by Brendan Woods and loses puck.
17:53 of 2nd period - Snap shot by Dylan Larkin.
17:53 of 2nd period - Deflect By Rourke Chartier.
17:53 of 2nd period - Stopped by Niklas Treutle with a rebound.
17:55 of 2nd period - Slapshot by Rourke Chartier.
17:55 of 2nd period - Stopped by Niklas Treutle with a rebound.
17:59 of 2nd period - Snap shot by Rourke Chartier.
17:59 of 2nd period - Shot Blocked by William Karlsson.
18:01 of 2nd period - Wrist shot by Rourke Chartier.
18:01 of 2nd period - Shot Misses the Net.
18:29 of 2nd period - Brayden Point is hit by Adam Gaudette and loses puck.
18:47 of 2nd period - Marcus Pettersson is hit by Mikko Vainonen and loses puck.
19:05 of 2nd period - Jesper Pettersson is hit by Ryan Pulock and loses puck.
19:16 of 2nd period - Rourke Chartier is hit by William Karlsson.
19:35 of 2nd period - Marcus Pettersson is hit by Jamie McGinn and loses puck.
19:42 of 2nd period - Gianluca Curcuruto is hit by Mathieu Joseph and loses puck.
19:55 of 2nd period - Mathieu Joseph is hit by Dany Roussin.
Goals for this period are 1 for Thunder vs 0 for Royaux.
Shots for this period are 3 for Thunder vs 8 for Royaux.
3rd period
0:01 of 3rd period - Dylan Larkin wins face-off versus Colton Sceviour in neutral zone.
0:04 of 3rd period - Slapshot by Travis Sanheim.
0:04 of 3rd period - Deflect By Dylan Larkin.
0:04 of 3rd period - Shot Misses the Net.
0:04 of 3rd period - Puck is out of play.
0:05 of 3rd period - Dylan Larkin wins face-off versus William Karlsson in Thunder zone.
0:06 of 3rd period - Slapshot by Pavel Buchnevich.
0:06 of 3rd period - Shot Misses the Net.
0:08 of 3rd period - Wrist shot by Dylan Larkin.
0:08 of 3rd period - Stopped by Niklas Treutle with a rebound.
0:13 of 3rd period - Minor Penalty to Mikko Vainonen for Tripping.
0:14 of 3rd period - William Karlsson wins face-off versus Dylan Larkin in Thunder zone.
0:24 of 3rd period - Mackenze Stewart is hit by Dylan Larkin and loses puck.
0:29 of 3rd period - Snap shot by Dylan Larkin.
0:29 of 3rd period - Shot Hit the Post.
1:40 of 3rd period - Ryan Graves is hit by Mathew Barzal and loses puck.
2:13 of 3rd period - Penalty to Mikko Vainonen is over, Mikko Vainonen is back on ice.
2:25 of 3rd period - Wrist shot by Brendan Woods.
2:25 of 3rd period - Shot Misses the Net.
3:24 of 3rd period - Adam Gaudette is hit by Ryan Graves and loses puck.
4:33 of 3rd period - Emil Johansson is hit by Danny Kristo and loses puck.
4:57 of 3rd period - Emil Johansson is hit by Rourke Chartier and loses puck.
5:34 of 3rd period - Mikko Vainonen is hit by Ryan Pulock and loses puck.
6:23 of 3rd period - Wrist shot by Trevor Lewis.
6:23 of 3rd period - Stopped by Igor Shesterkin without a rebound.
6:24 of 3rd period - Jamie McGinn wins face-off versus Mathew Barzal in Royaux zone.
6:25 of 3rd period - Wrist shot by Trevor Lewis.
6:25 of 3rd period - Stopped by Igor Shesterkin with a rebound.
6:31 of 3rd period - Snap shot by Mathew Barzal.
6:31 of 3rd period - Shot Misses the Net.
6:33 of 3rd period - Snap shot by Simon Despres.
6:33 of 3rd period - Shot Misses the Net.
6:35 of 3rd period - Slapshot by Travis Sanheim.
6:35 of 3rd period - Deflect By Danny Kristo.
6:35 of 3rd period - Shot Misses the Net.
6:35 of 3rd period - Puck is out of play.
6:36 of 3rd period - Dylan Larkin wins face-off versus William Karlsson in Thunder zone.
6:49 of 3rd period - Wrist shot by Pavel Buchnevich.
6:49 of 3rd period - Shot Misses the Net.
6:51 of 3rd period - Wrist shot by Brandon Pirri.
6:51 of 3rd period - Shot Misses the Net.
6:53 of 3rd period - Snap shot by Brandon Pirri.
6:53 of 3rd period - Shot Misses the Net.
7:03 of 3rd period - Mike Hoffman is hit by Ben Hanowski and loses puck.
7:20 of 3rd period - Minor Penalty to Austin Poganski for Tripping.
7:21 of 3rd period - William Karlsson wins face-off versus Dylan Larkin in Thunder zone.
9:18 of 3rd period - Minor Penalty to Danny Kristo for Holding.
9:19 of 3rd period - Dylan Larkin wins face-off versus William Karlsson in Royaux zone.
9:20 of 3rd period - Penalty to Austin Poganski is over, Austin Poganski is back on ice.
9:38 of 3rd period - Snap shot by Dany Roussin.
9:38 of 3rd period - Goal by Dany Roussin - Thunder : 3 - Royaux : 1.
9:39 of 3rd period - Dylan Larkin wins face-off versus William Karlsson in neutral zone.
9:55 of 3rd period - Wrist shot by Dany Roussin.
9:55 of 3rd period - Shot Misses the Net.
10:13 of 3rd period - Snap shot by Brayden Point.
10:13 of 3rd period - Shot Misses the Net.
10:15 of 3rd period - Wrist shot by Austin Poganski.
10:15 of 3rd period - Stopped by Igor Shesterkin with a rebound.
10:17 of 3rd period - Backhand shot by Gianluca Curcuruto.
10:17 of 3rd period - Deflect By Mike Hoffman.
10:17 of 3rd period - Stopped by Igor Shesterkin without a rebound.
10:18 of 3rd period - Trevor Lewis wins face-off versus Dylan Larkin in Royaux zone.
10:21 of 3rd period - Snap shot by Trevor Lewis.
10:21 of 3rd period - Shot Misses the Net.
10:23 of 3rd period - Slapshot by Emil Johansson.
10:23 of 3rd period - Stopped by Igor Shesterkin with a rebound.
10:25 of 3rd period - Slapshot by Emil Johansson.
10:25 of 3rd period - Stopped by Igor Shesterkin without a rebound.
10:26 of 3rd period - Dylan Larkin wins face-off versus Trevor Lewis in Royaux zone.
10:31 of 3rd period - Wrist shot by Trevor Lewis.
10:31 of 3rd period - Stopped by Igor Shesterkin with a rebound.
10:33 of 3rd period - Wrist shot by Trevor Lewis.
10:33 of 3rd period - Shot Misses the Net.
10:35 of 3rd period - Slapshot by Angelo Esposito.
10:35 of 3rd period - Shot Blocked by Simon Despres.
10:37 of 3rd period - Wrist shot by Angelo Esposito.
10:37 of 3rd period - Shot Blocked by Simon Despres.
10:39 of 3rd period - Snap shot by Jamie McGinn.
10:39 of 3rd period - Shot Misses the Net.
10:41 of 3rd period - Wrist shot by Jesper Pettersson.
10:41 of 3rd period - Shot Misses the Net.
10:47 of 3rd period - Minor Penalty to Pavel Buchnevich for Tripping.
10:48 of 3rd period - Danny Kristo wins face-off versus William Karlsson in Royaux zone.
10:57 of 3rd period - Wrist shot by Dany Roussin.
10:57 of 3rd period - Shot Misses the Net.
11:15 of 3rd period - Brendan Woods is hit by Mikko Vainonen and loses puck.
11:44 of 3rd period - Ryan Pulock is hit by Mike Hoffman and loses puck.
12:11 of 3rd period - Jordie Benn is hit by Brayden Point and loses puck.
12:18 of 3rd period - Wrist shot by Mike Hoffman.
12:18 of 3rd period - Shot Misses the Net.
12:20 of 3rd period - Slapshot by Jesper Pettersson.
12:20 of 3rd period - Stopped by Igor Shesterkin with a rebound.
12:22 of 3rd period - Slapshot by Brayden Point.
12:22 of 3rd period - Stopped by Igor Shesterkin without a rebound.
12:23 of 3rd period - William Karlsson wins face-off versus Danny Kristo in Royaux zone.
12:24 of 3rd period - Snap shot by Dany Roussin.
12:24 of 3rd period - Shot Misses the Net.
12:26 of 3rd period - Snap shot by William Karlsson.
12:26 of 3rd period - Shot Misses the Net.
12:28 of 3rd period - Slapshot by Jesper Pettersson.
12:28 of 3rd period - Stopped by Igor Shesterkin with a rebound.
12:30 of 3rd period - Snap shot by Colton Sceviour.
12:30 of 3rd period - Goal by Colton Sceviour - Thunder : 4 - Royaux : 1.
12:31 of 3rd period - Dylan Larkin wins face-off versus William Karlsson in neutral zone.
12:46 of 3rd period - Wrist shot by Dany Roussin.
12:46 of 3rd period - Goal by Dany Roussin - Thunder : 5 - Royaux : 1.
12:47 of 3rd period - William Karlsson wins face-off versus Dylan Larkin in neutral zone.
12:54 of 3rd period - William Karlsson is hit by Dylan Larkin and loses puck.
13:37 of 3rd period - Adam Gaudette is hit by Mike Hoffman and loses puck.
13:50 of 3rd period - Austin Poganski is hit by Tye McGinn and loses puck.
14:03 of 3rd period - Wrist shot by Rourke Chartier.
14:03 of 3rd period - Stopped by Niklas Treutle with a rebound.
14:15 of 3rd period - Snap shot by Brayden Point.
14:15 of 3rd period - Stopped by Igor Shesterkin with a rebound.
15:02 of 3rd period - Ryan Pulock is hit by Colton Sceviour and loses puck.
15:15 of 3rd period - Slapshot by Phil Oreskovic.
15:15 of 3rd period - Deflect By Mathew Barzal.
15:15 of 3rd period - Shot Misses the Net.
15:15 of 3rd period - Puck is out of play.
15:16 of 3rd period - Mathew Barzal wins face-off versus Angelo Esposito in Thunder zone.
15:57 of 3rd period - Slapshot by Tye McGinn.
15:57 of 3rd period - Stopped by Niklas Treutle without a rebound.
15:58 of 3rd period - William Karlsson wins face-off versus Brandon Pirri in Thunder zone.
15:58 of 3rd period - William Karlsson is hit by Brandon Pirri.
16:24 of 3rd period - Ben Hanowski is hit by Brayden Point and loses puck.
16:51 of 3rd period - Slapshot by Simon Despres.
16:51 of 3rd period - Shot Blocked by Mackenze Stewart.
17:05 of 3rd period - Wrist shot by Brendan Woods.
17:05 of 3rd period - Stopped by Niklas Treutle without a rebound.
17:06 of 3rd period - William Karlsson wins face-off versus Rourke Chartier in Thunder zone.
17:13 of 3rd period - Wrist shot by William Karlsson.
17:13 of 3rd period - Shot Blocked by Mathieu Joseph.
17:19 of 3rd period - Slapshot by Brendan Woods.
17:19 of 3rd period - Deflect By Rourke Chartier.
17:19 of 3rd period - Shot Misses the Net.
17:19 of 3rd period - Puck is out of play.
17:20 of 3rd period - Brandon Pirri wins face-off versus Brayden Point in Thunder zone.
17:31 of 3rd period - Wrist shot by Dylan Larkin.
17:31 of 3rd period - Stopped by Niklas Treutle without a rebound.
17:32 of 3rd period - Dylan Larkin wins face-off versus William Karlsson in Thunder zone.
17:33 of 3rd period - Wrist shot by Brandon Pirri.
17:33 of 3rd period - Shot Blocked by William Karlsson.
17:35 of 3rd period - Minor Penalty to Dany Roussin for Cross-checking.
17:36 of 3rd period - William Karlsson wins face-off versus Dylan Larkin in Thunder zone.
17:45 of 3rd period - Snap shot by Pavel Buchnevich.
17:45 of 3rd period - Goal by Pavel Buchnevich - Thunder : 5 - Royaux : 2.
17:46 of 3rd period - Dylan Larkin wins face-off versus William Karlsson in neutral zone.
17:50 of 3rd period - Off-side.
17:51 of 3rd period - Pavel Buchnevich wins face-off versus William Karlsson in neutral zone.
17:56 of 3rd period - Snap shot by Pavel Buchnevich.
17:56 of 3rd period - Shot Blocked by Mikko Vainonen.
17:58 of 3rd period - Wrist shot by Pavel Buchnevich.
17:58 of 3rd period - Shot Blocked by Mikko Vainonen.
18:00 of 3rd period - Wrist shot by Pavel Buchnevich.
18:00 of 3rd period - Shot Blocked by Gianluca Curcuruto.
18:02 of 3rd period - Slapshot by Marcus Pettersson.
18:02 of 3rd period - Shot Blocked by Dany Roussin.
18:04 of 3rd period - Snap shot by Jordie Benn.
18:04 of 3rd period - Stopped by Niklas Treutle without a rebound.
18:05 of 3rd period - Dylan Larkin wins face-off versus William Karlsson in Thunder zone.
18:09 of 3rd period - Minor Penalty to Gianluca Curcuruto for Holding Stick.
18:10 of 3rd period - Pavel Buchnevich wins face-off versus William Karlsson in Thunder zone.
18:24 of 3rd period - Slapshot by William Karlsson.
18:24 of 3rd period - Shot Misses the Net.
18:26 of 3rd period - Slapshot by Mackenze Stewart.
18:26 of 3rd period - Deflect By William Karlsson.
18:26 of 3rd period - Shot Misses the Net.
18:26 of 3rd period - Puck is out of play.
18:27 of 3rd period - William Karlsson wins face-off versus Dylan Larkin in Royaux zone.
19:25 of 3rd period - Snap shot by Mike Hoffman.
19:25 of 3rd period - Shot Blocked by Ben Hanowski.
Goals for this period are 3 for Thunder vs 1 for Royaux.
Shots for this period are 14 for Thunder vs 7 for Royaux.